 Dungeon Crawl Stone Soup version 0.27.1-15-g792fb953b9 (webtiles) character file.

Game seed: 14634483957602409241

5532 zeram the Grappler (level 10, -7/94 HPs)
             Began as a Troll Monk on Nov 18, 2021.
             Was an Elder of Dithmenos.
             Mangled by a red devil (19 damage)
             ... summoned by a kobold demonologist
             ... on level 10 of the Dungeon.
             The game lasted 00:13:53 (7451 turns).

zeram the Grappler (Troll Monk)                     Turns: 7451, Time: 00:13:53

Health: -7/94      AC: -2    Str: 21    XL:     10   Next: 43%
Magic:  8/9        EV:  7    Int: 15    God:    Dithmenos [****..]
Gold:   520        SH:  0    Dex: 12    Spells: 2/9 levels left

rFire    . . .     SeeInvis .     - Unarmed
rCold    . . .     Faith    .   (no shield)
rNeg     . . .     Spirit   .   w - +0 storm dragon scales
rPois    +         Reflect  .   (helmet restricted)
rElec    +         Harm     .   (no cloak)
rCorr    .         Rampage  .   (gloves unavailable)
Will     .....                  (boots unavailable)
Stlth    ..........             n - amulet of the acrobat
HPRegen  1.25/turn              e - +6 ring of intelligence
MPRegen  0.11/turn              t - ring of poison resistance

@: corroded, very slightly contaminated, wreathed by umbra, invisible
A: large, unfitting armour, claws 3, regeneration 1, shaggy fur 1, tough skin 1
a: Renounce Religion, Shadow Step


You were on level 10 of the Dungeon.
You worshipped Dithmenos.
Dithmenos was greatly pleased with you.
You visited 1 branch of the dungeon, and saw 10 of its levels.
You also visited: Sewer.

You collected 559 gold pieces.
You spent 39 gold pieces at shops.

Inventory:

Missiles
 h - 2 throwing nets (quivered)
Armour
 a - a +0 robe
 c - a +2 robe of resistance
 w - +0 storm dragon scales (worn)
Jewellery
 e - a +6 ring of intelligence (left claw)
 n - an amulet of the acrobat (around neck)
 t - a ring of poison resistance (right claw)
 u - a ring of willpower
 v - a ring of wizardry
Scrolls
 b - 4 scrolls of teleportation
 f - a scroll of amnesia {unknown}
 i - a scroll of magic mapping
 m - 2 scrolls of enchant weapon
 o - a scroll of fog
 r - 2 scrolls of holy word
 s - a scroll of fear
 x - 2 scrolls of enchant armour {unknown}
 y - 2 scrolls of vulnerability {unknown}
 z - a scroll of blinking {unknown}
 A - a scroll of silence {unknown}
Potions
 d - a potion of mutation
 g - 2 potions of curing
 j - a potion of invisibility
 k - a potion of brilliance
 l - 2 potions of resistance
 q - 3 potions of haste
 B - a potion of magic {unknown}


   Skills:
 + Level 4.8 Fighting
 + Level 3.9 Armour
 + Level 5.7 Dodging
 - Level 1.0 Stealth
 + Level 12.5 Unarmed Combat


You had 2 spell levels left.
You knew the following spells:

 Your Spells              Type           Power      Damage    Failure   Level
a - Blink                 Tloc           N/A        N/A       98%         2
b - Swiftness             Air            0%         N/A       100%        3
c - Passwall              Tmut/Erth      0%         N/A       98%         2

Your spell library contained the following spells:

 Spells                   Type           Power      Damage    Failure   Level
 Corona                   Hex            0%         N/A       94%         1
 Sting                    Tmut/Pois      0%         1d3       94%         1
 Ensorcelled Hibernation  Hex/Ice        0%         N/A       98%         2
 Poisonous Vapours        Pois/Air       0%         N/A       98%         2
 Slow                     Hex            0%         N/A       98%         2
 Static Discharge         Conj/Air       0%         N/A       98%         2
 Confusing Touch          Hex            0%         N/A       100%        3
 Lesser Beckoning         Tloc           0%         N/A       100%        3
 Stone Arrow              Conj/Erth      0%         3d7       100%        3
 Tukima's Dance           Hex            0%         N/A       100%        3
 Dispel Undead            Necr           0%         3d6       100%        4
 Olgreb's Toxic Radiance  Pois           0%         N/A       100%        4
 Sticky Flame             Conj/Fire      0%         2d3       100%        4
 Bolt of Magma            Conj/Fire/Erth 0%         4d4       100%        5
 Manifold Assault         Tloc           0%         N/A       100%        5
 Summon Forest            Summ/Tloc      0%         N/A       100%        5
 Yara's Violent Unravell  Hex/Tmut       0%         3d3       100%        5
 Eringya's Noxious Bog    Tmut/Pois      0%         N/A       100%        6
 Invisibility             Hex            0%         N/A       100%        6
 Summon Hydra             Summ           0%         N/A       100%        7
 Shatter                  Erth           0%         3d5*      100%        9


Dungeon Overview and Level Annotations

Branches:
Dungeon (10/15)            Temple (0/1) D:7             Orc (0/2) D:10
  Sewer (visited)
   Lair: D:8-11

Altars:
Cheibriados
Dithmenos
Elyvilon
Gozag
Okawaru
Qazlal
Trog
Vehumet
Wu Jian
Yredelemnul
Zin
The Shining One

Shops:
D:1 [   D:2 !


Innate Abilities, Weirdness & Mutations

You are too large for most types of armour.
You have claws for hands.
Your natural rate of healing is unusually fast.
You are covered in fur. (AC +1)
You have tough skin. (AC +1)


Message History

Unknown command.
You fade into invisibility!
The rust devil closely misses you. The red devil barely misses you.
The chaos spawn hits you but does no damage.
The kobold demonologist completely misses you.
You are very lightly contaminated with residual magic.
You catch the helpless kobold demonologist completely off-guard!
You scratch the kobold demonologist but do no damage.
The kobold demonologist is lightly wounded.
The rust devil hits you. The rust devil corrodes you!
The red devil hits you from afar with a +0 trident!!
The chaos spawn completely misses you.
You catch the helpless kobold demonologist completely off-guard!
You claw the kobold demonologist!
The kobold demonologist is moderately wounded.
The rust devil hits you! The rust devil corrodes you!
The red devil hits you from afar with a +0 trident!
* * * LOW HITPOINT WARNING * * *
You barely miss the kobold demonologist.
The kobold demonologist is moderately wounded.
The chaos spawn gores you.
* * * LOW HITPOINT WARNING * * *
You are engulfed in flames!
* * * LOW HITPOINT WARNING * * *
The kobold demonologist hits you with a +0 dagger.
* * * LOW HITPOINT WARNING * * *
The rust devil hits you. The rust devil corrodes you!
Okay, then.
Okay, then.
You feel better. The red devil closely misses you. The chaos spawn hits you.
* * * LOW HITPOINT WARNING * * *
You are engulfed in flames.
* * * LOW HITPOINT WARNING * * *
The kobold demonologist closely misses you.
The rust devil hits you.
* * * LOW HITPOINT WARNING * * *
The rust devil corrodes you!
You feel better.
The red devil hits you from afar with a +0 trident!!
You die...

..# ..# ###
###########+##
#............#
#............# ...+
#.....K4.....# ...#
#.....@.4....# #..#
#....4.......#
#..######>..>........#
#..##................#
#..##.................
#..##.................
###'######'##########.≈
##................. .≈
...>###..........##


You could see a rust devil (summoned), a kobold demonologist, a chaos spawn
(summoned) and a red devil (summoned).

Vanquished Creatures
  A two-headed ogre (D:9)
  Prince Ribbit (D:8)
  A hornet (D:9)
  Sigmund (D:6)
  A wyvern (D:7)
  5 yaks (D:9)
  Eustachio (D:6)
  Duvessa (D:5)
  3 water moccasins
  3 black bears
  An ice beast (D:6)
  An orc warrior (D:9)
  A sky beast (D:7)
  An ogre (D:7)
  A phantom (D:4)
  5 centaurs
  A kobold brigand (D:7)
  2 scorpions
  2 bullfrogs (D:8)
  Dowan (D:5)
  8 wights
  3 howler monkeys
  A bullfrog zombie (D:6)
  3 centaur zombies
  A centaur skeleton (D:7)
  4 hounds
  A gnoll shaman (D:7)
  3 orc priests
  4 jellies
  3 iguanas
  8 orc wizards
  A hound zombie (D:5)
  A howler monkey zombie (D:9)
  6 gnolls
  A howler monkey skeleton (D:7)
  5 adders
  A white imp (D:7)
  An adder skeleton (D:4)
  2 dart slugs
  24 orcs
  9 ball pythons
  10 endoplasms
  2 giant cockroaches
  10 goblins
  6 hobgoblins
  4 jackals (D:2)
  2 quokkas (D:4)
  5 bats
  9 frilled lizards
  12 kobolds
  5 rats
189 creatures vanquished.

Vanquished Creatures (others)
  An orc wizard (D:8)
  A fungus (D:2)
  7 plants (D:2)
9 creatures vanquished.

Grand Total: 198 creatures vanquished

Notes
Turn   | Place    | Note
-------+----------+-------------------------------------------
     0 | D:1      | zeram the Troll Monk began the quest for the Orb.
     0 | D:1      | Reached XP level 1. HP: 22/22 MP: 0/0
   319 | D:1      | Found Mudurus's Antique Armour Emporium.
   342 | D:1      | Reached XP level 2. HP: 26/29 MP: 1/1
   893 | D:2      | Reached XP level 3. HP: 36/36 MP: 2/2
   987 | D:2      | Found a faded altar of an unknown god.
  1024 | D:2      | Found Foesunug's Distillery.
  1028 | D:2      | Bought a potion of curing for 39 gold pieces
  1387 | D:2      | Reached XP level 4. HP: 24/45 MP: 3/3
  1391 | D:2      | Reached skill level 4 in Unarmed Combat
  1484 | D:2      | Learned a level 2 spell: Blink
  1502 | D:3      | Noticed a black bear
  1516 | D:3      | Killed a black bear
  1517 | D:3      | Reached XP level 5. HP: 43/53 MP: 4/4
  1602 | D:3      | Found a snail-covered altar of Cheibriados.
  1612 | D:3      | Reached skill level 5 in Unarmed Combat
  1774 | D:3      | Found a shadowy altar of Dithmenos.
  1788 | D:3      | Became a worshipper of Dithmenos the Shadowed
  1788 | D:3      | Reached * piety under Dithmenos
  1788 | D:3      | Reached ** piety under Dithmenos
  2139 | D:4      | Noticed a black bear
  2148 | D:4      | Killed a black bear
  2149 | D:4      | Reached XP level 6. HP: 55/61 MP: 5/5
  2233 | D:4      | Reached skill level 6 in Unarmed Combat
  2254 | D:4      | Learned a level 3 spell: Swiftness
  2626 | D:4      | Reached XP level 7. HP: 61/67 MP: 6/6
  2650 | D:4      | Reached skill level 7 in Unarmed Combat
  2841 | D:5      | Entered Level 5 of the Dungeon
  2979 | D:5      | Noticed Duvessa
  2987 | D:5      | Noticed Dowan
  2989 | D:5      | Killed Duvessa
  2998 | D:5      | Killed Dowan
  2999 | D:5      | Reached skill level 8 in Unarmed Combat
  3223 | D:5      | Reached XP level 8. HP: 26/78 MP: 7/7
  3353 | D:5      | Found a glowing drain.
  3487 | Sewer    | Entered a sewer
  3510 | Sewer    | Reached *** piety under Dithmenos
  4155 | D:6      | Noticed Sigmund
  4159 | D:6      | Killed Sigmund
  4160 | D:6      | Reached skill level 9 in Unarmed Combat
  4194 | D:6      | Found a bloodstained altar of Trog.
  4194 | D:6      | Found a radiant altar of Vehumet.
  4201 | D:6      | Found an iron altar of Okawaru.
  4203 | D:6      | Found an opulent altar of Gozag.
  4205 | D:6      | Found an ornate altar of the Wu Jian Council.
  4324 | D:6      | Noticed Eustachio
  4337 | D:6      | Killed Eustachio
  4519 | D:6      | Found a glowing golden altar of the Shining One.
  4519 | D:6      | Found a glowing silver altar of Zin.
  4519 | D:6      | Found a white marble altar of Elyvilon.
  4758 | D:7      | Reached skill level 5 in Dodging
  4774 | D:7      | Reached skill level 10 in Unarmed Combat
  4774 | D:7      | Reached XP level 9. HP: 68/85 MP: 8/8
  4777 | D:7      | Learned a level 2 spell: Passwall
  5059 | D:7      | Found a staircase to the Ecumenical Temple.
  5516 | D:8      | Reached **** piety under Dithmenos
  5564 | D:8      | Noticed Prince Ribbit
  5602 | D:8      | Killed Prince Ribbit
  5603 | D:8      | Reached skill level 11 in Unarmed Combat
  5676 | D:8      | Reached skill level 1 in Armour
  6218 | D:9      | Found a basalt altar of Yredelemnul.
  6282 | D:9      | Reached XP level 10. HP: 68/94 MP: 9/9
  6292 | D:9      | Reached skill level 12 in Unarmed Combat
  6380 | D:9      | Found a stormy altar of Qazlal.
  6838 | D:9      | Noticed a two-headed ogre
  6852 | D:9      | Killed a two-headed ogre
  7324 | D:10     | Entered Level 10 of the Dungeon
  7429 | D:10     | Found a staircase to the Orcish Mines.
  7441 | D:10     | Noticed a rust devil
  7450 | D:10     | HP: 2/94 [rust devil[a kobold demonologist] (3)]
  7451 | D:10     | Mangled by a red devil

Illustrated notes

Levels and vault maps discovered:
D:1:      tarquinn_simple_flora_water_d, layout_basic, serial_shops,
          nicolae_shop_overgrown_old_shop
D:2:      layout_loops_ring, serial_shops, shop,
          shapermc_ecumenical_altar_mp_ritualfount,
          chequers_serial_rivers_large_a, minmay_misc_feat_rugged,
          minmay_fractal_squares_gapless_5
D:3:      layout_basic, mainiacjoe_overflow_boulevard,
          mainiacjoe_overflow_24_doors, minmay_misc_feat_diagonals
D:4:      layout_gridville
D:5:      layout_loops_corners, portal_sewer_entry_a, uniq_duvessa
D:6:      layout_rooms, good_gods_mini_temple,
          chequers_temple_overflow_minitemple, uniq_eustachio, uniq_sigmund
D:7:      layout_loops_ring, temple_hall
D:8:      layout_loops_ring, chequers_serial_rivers_small_a, uniq_prince_ribbit1
D:9:      layout_layer_cave, mainiacjoe_overflow_cross_hatched,
          lemuel_crystal_altar
D:10:     minmay_the_grid_octo_triangle [minmay_the_grid_octo_chip,
          minmay_the_grid_octo_prize_ultimate_mussel_roller,
          minmay_the_grid_octo_teeth], layout_stronghold,
          mainiacjoe_overflow_brackets, grunt_lair_entry_orc_guard_hut,
          orc_0_dummy, uniq_fannar, uniq_joseph, uniq_maurice

Skill      XL: |  1  2  3  4  5  6  7  8  9 10 |
---------------+-------------------------------+-----
Fighting       | 3 4 |  4.8
Unarmed Combat | 4 5 6 8 10 11 12 | 12.5
Dodging        | 3 4 5 |  5.7
Armour         | 2 3 |  3.9
Stealth        | |  1.0

Action                   |  1- 3 |  4- 6 |  7- 9 | 10-12 || total
-------------------------+-------+-------+-------+-------++-------
Melee: Unarmed           |    84 |    82 |   306 |    58 ||   530
       Punch             |       |     1 |    11 |     4 ||    16
  Use: Scroll            |     3 |       |    14 |       ||    17
       Potion            |       |     1 |     5 |     4 ||    10
 Stab: Sleeping          |     4 |     7 |       |       ||    11
       Invisible         |       |       |     2 |     2 ||     4
Armor: Robe              |    25 |    30 |    57 |       ||   112
       Skin              |       |     2 |       |       ||     2
       Storm dragon scal |       |       |    48 |    34 ||    82
Dodge: Dodged            |    47 |    40 |   177 |    37 ||   301
